 Dungeon Crawl Stone Soup version 0.27-a0-215-g68775813e2 (webtiles) character file.

Game seed: 5425954925051022298

82390 eden the Blocker (level 15, -3/135 HPs)
             Began as a Deep Dwarf Hunter on Jan 31, 2021.
             Was the Champion of Makhleb.
             Killed from afar by Jorgrun (45 damage)
             ... with an iron shot
             ... on level 14 of the Dungeon.
             The game lasted 02:22:05 (21666 turns).

eden the Blocker (Deep Dwarf Hunter)               Turns: 21666, Time: 02:22:06

Health: -3/135     AC: 20    Str: 35    XL:     15   Next: 29%
Magic:  3/3        EV: 13    Int: 16    God:    Makhleb [******]
Gold:   1831       SH: 27    Dex: 16    Spells: 14/14 levels left

rFire    + + .     SeeInvis .   q - +1 broad axe
rCold    + + +     Faith    +   s - +4 tower shield of Oblivion {rC+++ Will- Str+4}
rNeg     + + +     Spirit   .   R - +0 plate armour
rPois    .         Reflect  .   z - +0 helmet of Gozag's Esteem {-Tele rN+++ Int+4 Dex-2}
rElec    .         Harm     .   (no cloak)
rCorr    .         Rampage  .   K - +1 pair of gloves
Will     ++++.     NoTele   +   e - +1 pair of boots "Ygotodin" {-Tele Will+++ Str+8 Stlth+}
Stlth    ..........             p - amulet of faith {Faith, !P}
HPRegen  0.00/turn              h - ring of Onumnol {Wiz rF+ rC+ Dex+3}
MPRegen  0.08/turn              X - ring of Esim {rF+ Str+3}

@: non-regenerating
A: damage resistance, heal wounds, negative energy resistance 1, sense
surroundings 2, no regeneration
a: Heal Wounds, Renounce Religion, Minor Destruction, Lesser Servant of Makhleb,
Major Destruction, Greater Servant of Makhleb


You were on level 14 of the Dungeon.
You worshipped Makhleb.
Makhleb was exalted by your worship.
You visited 4 branches of the dungeon, and saw 23 of its levels.
You also visited: Sewer and Ossuary.

You collected 2675 gold pieces.
You spent 844 gold pieces at shops.

Inventory:

Hand Weapons
 q - a +1 broad axe (weapon)
   (You took it off an orc high priest on level 2 of the Orcish Mines)
 V - a +5 vorpal hand crossbow
   (You acquired it on level 13 of the Dungeon)
Missiles
 a - 53 bolts
Armour
 e - the +1 pair of boots "Ygotodin" (worn) {-Tele Will+++ Str+8 Stlth+}
   (You acquired it on level 6 of the Lair of Beasts)

   It affects your strength (+8).
   It affects your willpower, your defense against some magical effects.
   It prevents most forms of teleportation.
   It makes you more stealthy.
 s - the +4 tower shield of Oblivion (worn) {rC+++ Will- Str+4}
   (You bought it in a shop on level 2 of the Orcish Mines)

   It affects your strength (+4).
   It renders you almost immune to cold.
   It affects your willpower, your defense against some magical effects.
 z - the +0 helmet of Gozag's Esteem (worn) {-Tele rN+++ Int+4 Dex-2}
   (You bought it in a shop on level 2 of the Orcish Mines)

   It affects your intelligence (+4).
   It affects your dexterity (-2).
   It renders you almost immune to negative energy.
   It prevents most forms of teleportation.
 K - a +1 pair of gloves (worn)
   (You found it on level 1 of the Dungeon)
 N - a +1 helmet
   (You found it on level 7 of the Dungeon)
 R - a +0 plate armour (worn)
   (You found it on level 11 of the Dungeon)
Jewellery
 c - a cursed ring of teleportation {unknown}
   (You found it on level 14 of the Dungeon)
 h - the ring of Onumnol (left hand) {Wiz rF+ rC+ Dex+3}
   (You found it on level 6 of the Lair of Beasts)

   [ring of wizardry]

   It improves your spell success rate.
   It affects your dexterity (+3).
   It protects you from fire.
   It protects you from cold.
 p - an amulet of faith (around neck) {Faith, !P}
   (You found it on level 4 of the Dungeon)
 G - an uncursed ring of resist corrosion
   (You found it on level 6 of the Dungeon)
 I - an uncursed ring of willpower
   (You found it on level 6 of the Dungeon)
 L - a +6 ring of strength
   (You found it on level 7 of the Dungeon)
 X - the ring of Esim (right hand) {rF+ Str+3}
   (You found it on level 5 of the Lair of Beasts)

   [ring of protection from fire]

   It affects your strength (+3).
   It protects you from fire.
Wands
 A - a wand of mindburst (31)
   (You found it on level 4 of the Dungeon)
 B - a wand of polymorph (11)
   (You took it off an orc wizard on level 5 of the Dungeon)
 C - a wand of random effects (35)
   (You found it on level 8 of the Dungeon)
 D - a wand of digging (9)
   (You found it on level 3 of the Dungeon)
 E - a wand of iceblast (12)
   (You found it on level 12 of the Dungeon)
 F - a wand of flame (11)
   (You took it off Ijyb on level 3 of the Dungeon)
 P - a wand of paralysis (12)
   (You found it on level 8 of the Dungeon)
Scrolls
 b - 4 scrolls of blinking {!r}
 d - a scroll of magic mapping {!r}
 f - 2 scrolls of fear
 i - 4 scrolls of identify
 l - 5 scrolls of amnesia
 m - 2 scrolls of enchant armour
 r - 11 scrolls of remove curse
 t - 10 scrolls of teleportation
 w - 6 scrolls of enchant weapon
Potions
 g - 10 potions of flight
 k - 2 potions of haste
 n - 2 potions of lignification {!q}
 v - a potion of cancellation
 x - 10 potions of curing
 H - a potion of heal wounds {!q}
 J - 4 potions of magic
 M - 2 potions of berserk rage {!q}
 O - 6 potions of attraction {!q}
 Q - 2 potions of mutation {!q}
 S - 2 potions of brilliance
 T - a potion of ambrosia
 Z - 2 potions of resistance
Miscellaneous
 j - a phial of floods
   (You found it on level 6 of the Lair of Beasts)
 o - a box of beasts {!r}
   (You found it on level 6 of the Lair of Beasts)


   Skills:
 + Level 9.0 Fighting
 * Level 14.0 Axes
 - Level 10.0 Crossbows
 - Level 10.0 Armour
 - Level 10.0 Dodging
 - Level 5.0 Stealth
 * Level 14.8 Shields
 + Level 11.2 Invocations


You had 14 spell levels left.
You didn't know any spells.
Your spell library contained the following spells:

 Spells                   Type           Power        Failure   Level
 Animate Skeleton         Necr           0%           87%         1
 Apportation              Tloc           0%           87%         1
 Corona                   Hex            0%           87%         1
 Foxfire                  Conj/Fire      0%           87%         1
 Magic Dart               Conj           0%           87%         1
 Summon Small Mammal      Summ           0%           87%         1
 Blink                    Tloc           N/A          95%         2
 Searing Ray              Conj           0%           95%         2
 Slow                     Hex            0%           95%         2
 Confusing Touch          Hex            0%           99%         3
 Conjure Flame            Conj/Fire      0%           99%         3
 Dazzling Flash           Conj/Hex       0%           99%         3
 Gell's Gravitas          Tloc           0%           99%         3
 Inner Flame              Hex/Fire       0%           99%         3
 Lesser Beckoning         Tloc           0%           99%         3
 Portal Projectile        Hex/Tloc       0%           99%         3
 Teleport Other           Tloc           0%           99%         3
 Cause Fear               Hex            0%           100%        4
 Fulminant Prism          Conj/Hex       0%           100%        4
 Iskenderun's Mystic Bla  Conj/Tloc      0%           100%        4
 Leda's Liquefaction      Hex/Erth       0%           100%        4
 Passage of Golubria      Tloc           N/A          100%        4
 Petrify                  Tmut/Erth      0%           100%        4
 Sticky Flame             Conj/Fire      0%           100%        4
 Bolt of Magma            Conj/Fire/Erth 0%           100%        5
 Fireball                 Conj/Fire      0%           100%        5
 Iskenderun's Battlesphe  Conj           0%           100%        5
 Metabolic Englaciation   Hex/Ice        0%           100%        5
 Summon Forest            Summ/Tloc      0%           100%        5
 Summon Mana Viper        Hex/Summ       0%           100%        5
 Yara's Violent Unravell  Hex/Tmut       0%           100%        5
 Iron Shot                Conj/Erth      0%           100%        6
 Shadow Creatures         Summ           N/A          100%        6
 Orb of Destruction       Conj           0%           100%        7
 Spellforged Servitor     Conj/Summ      0%           100%        7
 Summon Hydra             Summ           0%           100%        7


Dungeon Overview and Level Annotations

Branches:
Dungeon (14/15)            Temple (1/1) D:4            Lair (6/6) D:8
  Swamp (0/4) Lair:4        Snake (0/4) Lair:4        Slime (0/5) Lair:6
    Orc (2/2) D:10            Elf (0/3) Orc:2        Vaults (0/5) D:14
  Sewer (visited)         Ossuary (visited)

Altars:
Ashenzari
Cheibriados
Dithmenos
Elyvilon
Fedhas
Gozag
Hepliaklqana
Kikubaaqudgha
Makhleb
Nemelex Xobeh
Okawaru
Qazlal
Ru
Sif Muna
Trog
Uskayaw
Vehumet
Wu Jian
Xom
Yredelemnul
Zin
The Shining One
Beogh

Shops:
D:4 }   D:5 *   Orc:2 }!}[(

Annotations:
D:11 3 runed translucent doors, Kaver's ghost, journeyman GrEE
D:14 Jorgrun; Roxanne


Innate Abilities, Weirdness & Mutations

You are resistant to damage.
You can heal yourself by infusing magical energy.
You resist negative energy. (rN+)
You passively map the area around you.
You do not regenerate.


Message History

There is an open door here.
Jorgrun Earthshaker comes into view.
He is wielding a +0 vorpal quarterstaff.
Jorgrun shouts!
Jorgrun says, "A few more walls knocked out 'ere an' thar an' 'tis whole place will come crashin' down."
Spoiler Alert: Jorgrun can cast petrify and shatter!
V - a +5 vorpal hand crossbow (weapon)
Fire: 59 bolts
Press: ? - help, Q - select action, (/) - cycle Shift-Dir - straight line, f - Jorgrun
Aim: Jorgrun, wielding a +0 vorpal quarterstaff and wearing a +0 robe (63% to hit)
You shoot a bolt. The bolt hits Jorgrun!
Jorgrun is lightly wounded.
Spoiler Alert: Jorgrun can cast petrify and shatter!
Fire: 58 bolts
Press: ? - help, Q - select action, (/) - cycle Shift-Dir - straight line, f/p - Jorgrun
Aim: Jorgrun, wielding a +0 vorpal quarterstaff and wearing a +0 robe (lightly wounded, 63% to hit)
You shoot a bolt. The bolt hits Jorgrun!!
Jorgrun is moderately wounded.
Fire: 57 bolts
Press: ? - help, Q - select action, (/) - cycle Shift-Dir - straight line, f/p - Jorgrun
Aim: Jorgrun, wielding a +0 vorpal quarterstaff and wearing a +0 robe (moderately wounded, 63% to hit)
You shoot a bolt. The bolt misses Jorgrun.
Jorgrun mutters some incantations to himself.
Jorgrun points at you and mumbles some strange words.
Roots burst forth from the earth!
The grasping roots grab you! The grasping roots constrict you!
You take 8 damage, and have 126/135 hp.
Spoiler Alert: Jorgrun can cast petrify and shatter!
Fire: 56 bolts
Press: ? - help, Q - select action, (/) - cycle Shift-Dir - straight line, f/p - Jorgrun
Aim: Jorgrun, wielding a +0 vorpal quarterstaff and wearing a +0 robe (moderately wounded, 62% to hit)
You shoot a bolt. The bolt barely misses Jorgrun.
The grasping roots constrict you!
You take 9 damage, and have 117/135 hp.
Spoiler Alert: Jorgrun can cast petrify and shatter!
Fire: 55 bolts
Press: ? - help, Q - select action, (/) - cycle Shift-Dir - straight line, f/p - Jorgrun
Aim: Jorgrun, wielding a +0 vorpal quarterstaff and wearing a +0 robe (moderately wounded, 63% to hit)
You shoot a bolt. The bolt misses Jorgrun.
Jorgrun gestures at you while chanting. You resist with almost no effort.
The grasping roots constrict you!
You take 2 damage, and have 115/135 hp.
Spoiler Alert: Jorgrun can cast petrify and shatter!
Fire: 54 bolts
Press: ? - help, Q - select action, (/) - cycle Shift-Dir - straight line, f/p - Jorgrun
Aim: Jorgrun, wielding a +0 vorpal quarterstaff and wearing a +0 robe (moderately wounded, 63% to hit)
You shoot a bolt. The bolt hits Jorgrun!!
Jorgrun is severely wounded.
The grasping roots constrict you.
You take 2 damage, and have 113/135 hp.
Spoiler Alert: Jorgrun can cast petrify and shatter!
q - a +1 broad axe (weapon)
Jorgrun hits you with a +0 vorpal quarterstaff!
The grasping roots constrict you!
You take 12 damage, and have 101/135 hp.
You hit Jorgrun.
Jorgrun is severely wounded.
Jorgrun casts a spell at you.
The wall shatters!
The blast of rock fragments hits you but does no damage.
The grasping roots constrict you.
You take 1 damage, and have 100/135 hp.
Spoiler Alert: Jorgrun can cast petrify and shatter!
You slash Jorgrun!
Jorgrun is severely wounded.
Jorgrun casts a spell at you. The iron shot hits you!!!
The grasping roots constrict you!
You take 58 damage, and have 42/135 hp.
MASSIVE DAMAGE!!
Spoiler Alert: Jorgrun can cast petrify and shatter!
You feel much better. Jorgrun hits you but does no damage.
The grasping roots constrict you.
You regained 23 hp, and now have 65/135 hp.
You slice Jorgrun!!
Jorgrun is almost dead.
Jorgrun says, "I've ne'er se'n tha particular type o' rock formation 'fore."
Jorgrun casts a spell at you. The iron shot hits you!!!
* * * LOW HITPOINT WARNING * * *
The grasping roots constrict you.
You take 44 damage, and have 21/135 hp.
MASSIVE DAMAGE!!
Spoiler Alert: Jorgrun can cast petrify and shatter!
Your magical essence is drained by the effort!
You feel much better. You block Jorgrun's attack.
The grasping roots constrict you!
You regained 21 hp, and now have 42/135 hp.
You now have 3/3 mp.
The roots' grasp on you weakens, but your attempt to escape fails.
You block Jorgrun's attack. The grasping roots constrict you.
Spoiler Alert: Jorgrun can cast petrify and shatter!
You escape the roots' grasp.
You block Jorgrun's attack.
You closely miss Jorgrun.
Jorgrun is almost dead.
You block Jorgrun's attack.
You miss Jorgrun.
Jorgrun is almost dead.
Jorgrun gestures at you while chanting. The iron shot hits you!!!
You die...

....).........# +, , , *
.....)........#..(# , , ,
..............#.(.# , ,* ,
.....##########..(# , , **,
.....#....#.......# , *
.....#....#.......#, ,
.....'....#...>...+
.....#....#......g# ,, ,* ***
##'###....#.....@.########, ,
..)..##'###.......#......#
.....#....#...#...#......#
.....#....'...#...#......# *
.....#....#...#...#......#####
.....#....#...#...#..........#
.#...#....#####...########...#
.#...#........#..........#...#
.#...#........#..........'...#


You could see Jorgrun.

Vanquished Creatures
  Azrael (D:14)
  5 hydras
  A vault guard (D:14)
  An ice dragon (Lair:4)
  2 boulder beetles
  A merfolk avatar (Lair:6)
  3 two-headed ogres (D:14)
  6 death yaks (Lair:4)
  3 orc high priests
  A fire crab (Lair:6)
  An unseen horror (D:11)
  A sea snake (D:11)
  A bog body (Lair:4)
  An orc knight (Orc:1)
  A wolf spider zombie (D:9)
  A deep elf pyromancer (D:14)
  2 orc sorcerers (Orc:1)
  3 cyclopes (D:12)
  3 will-o-the-wisps (Lair:6)
  3 centaur zombies
  A moth of wrath (D:5)
  6 black mambas
  19 elephants
  An ugly thing (D:12)
  10 cane toads
  8 rime drakes
  2 centaur skeletons
  A gargoyle (D:11)
  An efreet (D:14)
  8 komodo dragons
  4 polar bears
  6 trolls
  Grinder (D:4)
  A wind drake (Lair:6)
  4 slime creatures
  A hornet (Lair:6)
  13 blink frogs
  6 spriggans (Lair:2)
  A shadow (D:12)
  5 basilisks
  8 wyverns
  11 humans
  5 fire elementals (D:14)
  45 yaks
  5 vampire mosquitoes
  Menkaure (D:4)
  A steam dragon (D:12)
  7 wargs
  An acid dragon (D:13)
  2 swamp worms (D:11)
  2 soldier ants
  23 water moccasins
  Duvessa (D:4)
  4 necrophages
  3 black bears
  8 ice beasts
  4 sky beasts
  17 orc warriors
  5 phantoms
  A hornet zombie (D:9)
  11 ogres
  15 centaurs
  20 wolves
  21 bullfrogs
  3 big kobolds
  2 gnoll sergeants
  A wyvern zombie (D:9)
  Dowan (D:4)
  5 scorpions
  17 wights
  20 killer bees
  6 electric eels
  3 howler monkeys
  2 bullfrog zombies
  2 quasits
  2 jellies
  37 orc priests
  2 bullfrog skeletons
  12 hounds
  Ijyb (D:3)
  Terence (D:2)
  4 iguanas
  17 orc wizards
  10 worker ants
  A big kobold zombie (Ossuary)
  11 mummies
  A hound zombie (D:10)
  2 hound skeletons
  A worker ant zombie (D:8)
  10 gnolls
  9 adders
  4 shadow imps
  6 white imps
  5 ufetubi
  2 oozes
  An adder zombie (D:9)
  2 worms
  12 leopard geckos
  107 orcs
  2 ball pythons
  7 giant cockroaches
  A gnoll zombie (Ossuary)
  8 goblins
  9 hobgoblins
  19 jackals
  27 kobolds
  2 quokkas
  8 bats
  12 frilled lizards
  A giant cockroach zombie (D:5)
  2 hobgoblin zombies (Ossuary)
  A jackal skeleton (D:4)
  3 kobold zombies (Ossuary)
  An orc zombie (Ossuary)
  12 rats
  A fungus (Lair:2)
799 creatures vanquished.

Vanquished Creatures (collateral kills)
  An orc warlord (Orc:2)
  A catoblepas (Lair:5)
  A boulder beetle (Lair:5)
  A hydra (D:13)
  A death yak (Lair:5)
  2 orc high priests (Orc:2)
  2 orc sorcerers (Orc:2)
  An ugly thing (D:13)
  An elephant (Lair:6)
  A centaur skeleton (D:13)
  2 cane toads (Lair:1)
  2 komodo dragons
  A slime creature (D:11)
  A hornet (Lair:5)
  A yak (Lair:5)
  A vampire mosquito (Lair:6)
  A basilisk (Lair:1)
  2 wargs (Orc:2)
  A sky beast (D:13)
  2 orc warriors (Orc:2)
  2 ogres
  2 wolves (Lair:1)
  A howler monkey (D:13)
  An electric eel (Lair:5)
  7 orc priests (Orc:2)
  10 orcs (Orc:2)
49 creatures vanquished.

Vanquished Creatures (others)
  A human (D:14)
  34 foxfires (Lair:6)
  25 fungi
  75 plants
  6 withered plants
141 creatures vanquished.

Grand Total: 989 creatures vanquished

Notes
Turn   | Place    | Note
-------+----------+-------------------------------------------
     0 | D:1      | eden the Deep Dwarf Hunter began the quest for the Orb.
     0 | D:1      | Reached XP level 1. HP: 19/19 MP: 1/1
   290 | D:1      | Reached XP level 2. HP: 26/26 MP: 2/2
   455 | D:1      | Reached skill level 2 in Stealth
   594 | D:1      | Reached skill level 1 in Armour
   626 | D:1      | Reached XP level 3. HP: 32/32 MP: 3/3
   997 | D:2      | Noticed Terence
  1003 | D:2      | Killed Terence
  1004 | D:2      | Reached skill level 5 in Crossbows
  1004 | D:2      | Reached skill level 3 in Dodging
  1004 | D:2      | Reached XP level 4. HP: 39/39 MP: 4/4
  1216 | D:2      | Reached skill level 2 in Armour
  1567 | D:3      | Reached skill level 3 in Stealth
  1648 | D:3      | Noticed Ijyb
  1664 | D:3      | Killed Ijyb
  1665 | D:3      | Reached XP level 5. HP: 42/45 MP: 5/5
  1990 | D:4      | Noticed an ogre
  1995 | D:4      | Killed an ogre
  2022 | D:4      | Reached skill level 3 in Armour
  2023 | D:4      | Reached skill level 4 in Stealth
  2023 | D:4      | Reached XP level 6. HP: 48/52 MP: 6/6
  2036 | D:4      | Found Caparec's Gadget Emporium.
  2074 | D:4      | Reached skill level 4 in Dodging
  2237 | D:4      | Found a glowing drain.
  2242 | Sewer    | Entered a sewer
  2275 | Sewer    | Reached skill level 6 in Crossbows
  2576 | D:4      | Found a staircase to the Ecumenical Temple.
  2585 | Temple   | Entered the Ecumenical Temple
  2683 | Temple   | Became a worshipper of Makhleb the Destroyer
  2983 | D:4      | Noticed Duvessa
  2985 | D:4      | Noticed Dowan
  2989 | D:4      | Killed Duvessa
  2990 | D:4      | Reached skill level 5 in Stealth
  2990 | D:4      | Reached XP level 7. HP: 54/58 MP: 7/7
  2992 | D:4      | Killed Dowan
  2993 | D:4      | Reached skill level 4 in Armour
  3014 | D:4      | Noticed Grinder
  3021 | D:4      | Killed Grinder
  3022 | D:4      | Reached skill level 7 in Crossbows
  3022 | D:4      | Reached skill level 5 in Dodging
  3124 | D:4      | Noticed Menkaure
  3128 | D:4      | Killed Menkaure
  3129 | D:4      | Reached XP level 8. HP: 66/66 MP: 8/8
  3472 | D:5      | Entered Level 5 of the Dungeon
  3476 | D:5      | Reached skill level 1 in Shields
  3480 | D:5      | Reached skill level 2 in Shields
  3567 | D:5      | Reached skill level 3 in Shields
  3677 | D:5      | Found a sand-covered staircase.
  3694 | Ossuary  | Entered an ossuary
  3773 | Ossuary  | Reached skill level 4 in Shields
  4073 | D:5      | Reached * piety under Makhleb
  4076 | D:5      | Reached skill level 5 in Shields
  4127 | D:5      | Found Eteutula's Elemental Accessories.
  4168 | D:5      | Reached skill level 8 in Crossbows
  4324 | D:6      | Noticed a moth of wrath
  4359 | D:5      | Killed a moth of wrath
  4360 | D:5      | Reached skill level 6 in Shields
  4360 | D:5      | Gained mutation: You passively map the area around you.
                  | [Deep Dwarf growth]
  4360 | D:5      | Reached XP level 9. HP: 30/73 MP: 9/9
  4404 | D:6      | Found a bloodstained altar of Trog.
  4521 | D:6      | Reached skill level 9 in Crossbows
  4575 | D:6      | Reached skill level 7 in Shields
  4607 | D:6      | Reached ** piety under Makhleb
  4849 | D:6      | Reached skill level 8 in Shields
  5057 | D:6      | Reached skill level 10 in Crossbows
  5358 | D:7      | Reached skill level 9 in Shields
  5402 | D:7      | Found a broken altar of Ashenzari.
  5523 | D:7      | Found an ancient bone altar of Kikubaaqudgha.
  5657 | D:7      | Reached XP level 10. HP: 68/73 MP: 10/10
  5664 | D:7      | Reached skill level 10 in Shields
  5721 | D:7      | Reached *** piety under Makhleb
  6008 | D:7      | Found a radiant altar of Vehumet.
  6219 | D:8      | Reached **** piety under Makhleb
  6267 | D:8      | Reached skill level 11 in Shields
  6301 | D:8      | Reached skill level 2 in Fighting
  6301 | D:8      | Reached skill level 5 in Armour
  6301 | D:8      | Reached skill level 1 in Invocations
  6341 | D:8      | Reached skill level 2 in Invocations
  6364 | D:8      | Found a staircase to the Lair.
  6443 | D:8      | Reached skill level 6 in Dodging
  6564 | D:8      | Found a shadowy altar of Dithmenos.
  6703 | D:8      | Reached ***** piety under Makhleb
  6718 | D:8      | Found a roughly hewn altar of Beogh.
  6725 | D:8      | Reached skill level 1 in Axes
  6895 | D:8      | Reached skill level 3 in Fighting
  6960 | D:9      | Reached skill level 2 in Axes
  7037 | D:9      | Identified the cursed +1 hand axe of Plog {venom, rElec
                  | Int+4}
  7166 | D:9      | Reached skill level 3 in Axes
  7166 | D:9      | Reached skill level 6 in Armour
  7433 | D:9      | Reached XP level 11. HP: 82/90 MP: 12/12
  7467 | D:9      | Reached skill level 4 in Axes
  8011 | D:10     | Entered Level 10 of the Dungeon
  8099 | D:10     | Reached skill level 4 in Fighting
  8099 | D:10     | Reached skill level 7 in Dodging
  8141 | D:10     | Found a staircase to the Orcish Mines.
  8200 | D:10     | Reached skill level 5 in Axes
  8222 | D:10     | Reached ****** piety under Makhleb
  8519 | D:10     | Found a sacrificial altar of Ru.
  8818 | D:10     | Reached skill level 7 in Armour
  8876 | D:10     | Reached skill level 6 in Axes
  9181 | D:11     | Found a runed translucent gate.
  9182 | D:11     | Noticed Kaver's ghost (journeyman GrEE)
  9182 | D:11     | Found a runed translucent gate.
  9182 | D:11     | Found a runed translucent gate.
  9252 | D:11     | HP: 11/90 [very large slime creature (33)]
  9444 | D:11     | Noticed a sea snake
  9444 | D:11     | a slime creature changed into a sea snake
  9456 | D:11     | Killed a sea snake
  9457 | D:11     | Reached skill level 7 in Axes
  9556 | D:11     | Reached skill level 8 in Axes
  9825 | D:11     | Killed an unseen horror
  9826 | D:11     | Reached skill level 9 in Axes
 10221 | D:11     | HP: 12/93 [large slime creature (27)]
 10237 | D:11     | Reached skill level 3 in Invocations
 10363 | D:12     | Reached XP level 12. HP: 98/100 MP: 7/7
 10384 | D:12     | Reached skill level 10 in Axes
 10384 | D:12     | Reached skill level 4 in Invocations
 10716 | D:12     | Reached skill level 5 in Fighting
 10726 | D:12     | Reached skill level 5 in Invocations
 10901 | D:12     | Noticed a boulder beetle
 10974 | D:12     | Killed a boulder beetle
 11501 | Orc:1    | Entered Level 1 of the Orcish Mines
 11655 | Orc:1    | Reached skill level 8 in Dodging
 11660 | Orc:1    | Reached skill level 6 in Invocations
 12146 | Orc:2    | Entered Level 2 of the Orcish Mines
 12296 | Orc:2    | Found a staircase to the Elven Halls.
 12355 | Orc:2    | HP: 19/95 [orc sorcerer/bolt of negative energy[an orc
                  | warlord] (26)]
 12381 | Orc:2    | Noticed an orc warlord
 12420 | Orc:2    | Killed an orc warlord
 12421 | Orc:2    | Reached skill level 6 in Fighting
 12608 | Lair:1   | Entered Level 1 of the Lair of Beasts
 12671 | Lair:1   | Reached skill level 7 in Invocations
 12704 | Lair:1   | Reached skill level 11 in Axes
 12781 | Lair:1   | Reached skill level 8 in Armour
 13301 | Lair:2   | Reached XP level 13. HP: 112/112 MP: 5/5
 13586 | Lair:2   | Reached skill level 8 in Invocations
 13878 | Orc:1    | Found a bloodstained altar of Trog.
 14078 | Orc:1    | Reached skill level 7 in Fighting
 14486 | Orc:2    | Found Eracw's Gadget Shoppe.
 14563 | Orc:2    | Reached skill level 12 in Shields
 14563 | Orc:2    | Found Escho's Distillery.
 14563 | Orc:2    | Found Otey's Gadget Emporium.
 14608 | Orc:2    | Bought a potion of heal wounds for 90 gold pieces
 14608 | Orc:2    | Bought a potion of heal wounds for 90 gold pieces
 14621 | Orc:2    | Found a roughly hewn altar of Beogh.
 14646 | Orc:2    | Found Koal's Antique Weapon Shop.
 14646 | Orc:2    | Found Iraodeak's Antique Armour Emporium.
 14658 | Orc:2    | Reached skill level 9 in Invocations
 14687 | Orc:2    | Bought a jewelled tower shield for 332 gold pieces
 14687 | Orc:2    | Bought a steaming helmet for 332 gold pieces
 14687 | Orc:2    | Identified the +0 helmet of Gozag's Esteem {-Tele rN+++
                  | Int+4 Dex-2} (You bought it in a shop on level 2 of the
                  | Orcish Mines)
 14698 | Orc:2    | Identified the +4 tower shield of Oblivion {rC+++ Will-
                  | Str+4} (You bought it in a shop on level 2 of the Orcish
                  | Mines)
 15313 | D:13     | Identified a scroll of acquirement
 15313 | D:13     | Acquired a +5 vorpal hand crossbow
 15392 | D:13     | Reached skill level 9 in Dodging
 16145 | Lair:2   | Found a stormy altar of Qazlal.
 16159 | Lair:2   | Reached skill level 10 in Invocations
 16317 | Lair:2   | Reached skill level 9 in Armour
 17082 | Lair:3   | You fall into a shaft and drop 1 floor!
 17162 | Lair:4   | Found a staircase to the Swamp.
 17182 | Lair:4   | Gained mutation: You resist negative energy. (rN+) [Deep
                  | Dwarf growth]
 17182 | Lair:4   | Reached XP level 14. HP: 114/123 MP: 6/6
 17190 | Lair:4   | Reached skill level 12 in Axes
 17210 | Lair:4   | Reached skill level 13 in Shields
 17407 | Lair:4   | Found a staircase to the Snake Pit.
 17786 | Lair:4   | Reached skill level 10 in Dodging
 18746 | Lair:5   | Got a scintillating pewter ring
 18919 | Lair:5   | You fall into a shaft and drop 1 floor!
 18919 | Lair:6   | Entered Level 6 of the Lair of Beasts
 18940 | Lair:5   | Reached skill level 8 in Fighting
 19435 | Lair:6   | Reached skill level 10 in Armour
 19461 | Lair:6   | Found a staircase to the Slime Pits.
 19491 | Lair:6   | Reached skill level 13 in Axes
 19562 | Lair:6   | Reached skill level 14 in Shields
 19577 | Lair:6   | HP: 22/126 [fire crab] (24)]
 19843 | Lair:6   | Reached XP level 15. HP: 134/134 MP: 6/6
 20108 | Lair:6   | HP: 22/134 [will-o-the-wisp/foxfire (18)]
 20250 | Lair:6   | HP: 26/134 [drowned by a drowned soul[a merfolk avatar]
                  | (12)]
 20281 | Lair:6   | Got an ancient golden ring
 20282 | Lair:6   | Identified the ring of Onumnol {Wiz rF+ rC+ Dex+3} (You
                  | found it on level 6 of the Lair of Beasts)
 20283 | Lair:6   | Identified the ring of Esim {rF+ Str+3} (You found it on
                  | level 5 of the Lair of Beasts)
 20304 | Lair:6   | Acquired the +1 pair of boots "Ygotodin" {-Tele Will+++
                  | Str+8 Stlth+}
 20727 | D:14     | Reached skill level 11 in Invocations
 20793 | D:14     | Noticed Roxanne
 21103 | D:14     | Noticed Azrael
 21134 | D:14     | Killed Azrael
 21248 | D:14     | Reached skill level 14 in Axes
 21554 | D:14     | Reached skill level 9 in Fighting
 21574 | D:14     | Found a gate to the Vaults.
 21649 | D:14     | Noticed Jorgrun
 21661 | D:14     | HP: 21/135 [Jorgrun/iron shot (44)]
 21666 | D:14     | Killed from afar by Jorgrun

Illustrated notes

Levels and vault maps discovered:
D:1:      beargit_arrival_greenhouse, layout_loops_ring, lexackson_kobold_supper
D:2:      layout_loops_ring, uniq_terence
D:3:      layout_rooms, uniq_ijyb
D:4:      layout_basic, temple_green, gup_sewer_entry_bowl, serial_shops,
          nicolae_shop_trees, minmay_splitting_lines, minmay_misc_feat_hallway,
          uniq_grinder, uniq_menkaure, uniq_duvessa
D:5:      layout_cave_pools, nicolae_ossuary_entry_false_entrances,
          nicolae_elemental_shop
D:6:      layout_basic, tgw_trog
D:7:      layout_gridville, cheibrodos_ashenzari_chains,
          kiku_gazebo_garden_becter, lemuel_coloured_pillars_altar,
          minmay_lizard_king
D:8:      layout_rooms, grunt_dithmenos_shadows, erik_lair_island, special_room
          [special_room_orc]
D:9:      layout_basic, serial_undead, serial_undead_a, serial_undead_b,
          serial_undead_f, serial_undead_c, serial_undead_d, serial_undead_a,
          serial_undead_a, enter_bailey_2
D:10:     layout_basic, erik_orc_4, basic_altar
D:11:     layout_loops_ring, gammafunk_ghost_nasty_kobolds
D:12:     layout_basic
D:13:     layout_roguey
D:14:     layout_grid_maze, ximxim_vaults_locker_room, serial_bayou_shore_b,
          uniq_azrael, uniq_roxanne, uniq_jorgrun
Temple:   eino_narrow_crystal_temple
Lair:1:   layout_hall_layers, st_stairs_8
Lair:2:   kb_forest_paths, layout_regular_city, chequers_serial_rivers_micro_b,
          lemuel_centaur_altar
Lair:3:   layout_long_grid, grunt_megastairs_4
Lair:4:   layout_roguey, skrybe_swamp_entry_bodies, dummy_snake_entry,
          bobbens_ice_dragon_lair
Lair:5:   layout_cave_shapes, serial_bayou, serial_bayou_ford_a,
          serial_bayou_pond_d, serial_bayou_pond_d, serial_bayou_shore_a,
          nicolae_lair_yak_garden
Lair:6:   gammafunk_lair_ancient_temple, layout_long_grid, slime_dummy,
          serial_bayou_pond_d, pond, serial_bayou_shore_b
Orc:1:    layout_diamond_mine, trog_hazing_becter
Orc:2:    st_orc_town, layout_caves, serial_shops, shop

Skill      XL: |  1  2  3  4  5  6  7  8  9 10 11 12 13 14 15 |
---------------+----------------------------------------------+-----
Stealth        | 2 3 4 5 |  5.0
Armour         | 1 2 3 4 6 7 8 9 10 | 10.0
Crossbows      | 5 6 7 8 10 | 10.0
Dodging        | 3 4 5 6 7 8 9 10 | 10.0
Shields        | 6 9 11 12 14 | 14.8
Fighting       | 3 4 6 7 8 9 |  9.0
Invocations    | 2 3 7 10 11 | 11.2
Axes           | 3 9 11 13 14 | 14.0

Action                   |  1- 3 |  4- 6 |  7- 9 | 10-12 | 13-15 || total
-------------------------+-------+-------+-------+-------+-------++-------
Melee: Hand crossbow     |       |       |     1 |     1 |       ||     2
       War axe           |       |       |       |  1091 |   381 ||  1472
       Broad axe         |       |       |       |       |   808 ||   808
 Fire: Hand crossbow     |    79 |   160 |   326 |   466 |   193 ||  1224
Invok: Lesser Servant of |       |       |       |    14 |    10 ||    24
       Major Destruction |       |       |       |       |     4 ||     4
       Greater Servant o |       |       |       |       |     1 ||     1
 Abil: Heal Wounds       |       |     1 |     7 |    35 |    33 ||    76
Evoke: Wand              |       |       |     1 |     3 |       ||     4
  Use: Scroll            |     3 |     6 |     2 |    23 |    15 ||    49
       Potion            |       |       |     1 |     7 |     6 ||    14
 Stab: Distracted        |       |       |       |     2 |     5 ||     7
       Invisible         |       |       |       |       |    10 ||    10
Armor: Leather armour    |     1 |       |       |       |       ||     1
       Ring mail         |     7 |     4 |       |       |       ||    11
       Scale mail        |       |    29 |    30 |   229 |       ||   288
       Plate armour      |       |       |       |   346 |   614 ||   960
Dodge: Dodged            |    23 |    56 |    39 |   660 |   582 ||  1360
Block: Kite shield       |       |       |    39 |  1079 |   325 ||  1443
       Tower shield      |       |       |       |       |  1429 ||  1429

Table legend: (Time is in decaauts)
 A = Elapsed time spent in this place.
 B = Non-inter-level travel time spent in this place.
 C = Inter-level travel time spent in this place.
 D = Time resting spent in this place.
 E = Time spent auto-exploring this place.
 F = Levels seen in this place.
 G = Mean time per level.
                   A        B        C        D        E       F      G
               +--------+--------+--------+--------+--------+-----+--------+
         Total |  22408 |  20908 |   1500 |    624 |  12597 |  25 |  896.3 |
       Dungeon |  13171 |  12207 |    964 |    282 |   7770 |  14 |  940.8 |
        Temple |    239 |    239 |      0 |      0 |    219 |   1 |  239.0 |
          Lair |   5920 |   5558 |    362 |     33 |   3460 |   6 |  986.7 |
  Orcish Mines |   2434 |   2261 |    173 |    309 |    775 |   2 | 1217.0 |
         Sewer |    371 |    371 |      0 |      0 |    206 |   1 |  371.0 |
       Ossuary |    270 |    270 |      0 |      0 |    166 |   1 |  270.0 |
               +--------+--------+--------+--------+--------+-----+--------+

Top non-repeatable levels by time:
    D:11: 1557 daAuts
   Orc:2: 1311 daAuts
  Lair:2: 1206 daAuts
    D:12: 1193 daAuts
    D:10: 1183 daAuts
     D:9: 1161 daAuts
  Lair:4: 1146 daAuts
  Lair:6: 1122 daAuts
   Orc:1: 1122 daAuts
    D:14: 994 daAuts
     D:4: 981 daAuts
     D:6: 978 daAuts
  Lair:3: 957 daAuts
     D:7: 929 daAuts
     D:8: 855 daAuts

Table legend:
 A = Kills in this place as a percentage of kills in entire the game.
 B = Kills by you in this place as a percentage of kills by you in the entire game.
 C = Kills by friends in this place as a percentage of kills by friends in the entire game.
 D = Other kills in this place as a percentage of other kills in the entire game.
 E = Experience gained in this place as a percentage of experience gained in the entire game.
 F = Experience gained in this place divided by the number of levels of this place that you have seen.
                   A       B       C       D       E      F
               +-------+-------+-------+-------+-------+----------------------
         Total | 100.0 | 100.0 | 100.0 |   N/A | 100.0 | 4708.0
       Dungeon |  55.3 |  57.9 |  12.2 |   N/A |  36.1 | 3034.6
          Lair |  24.6 |  24.2 |  30.6 |   N/A |  53.1 | 10417.5
  Orcish Mines |  16.5 |  14.0 |  57.1 |   N/A |  10.6 | 6244.0
         Sewer |   1.8 |   1.9 |   0.0 |   N/A |   0.0 |  47.0
       Ossuary |   1.9 |   2.0 |   0.0 |   N/A |   0.1 | 176.0
               +-------+-------+-------+-------+-------+----------------------
